Map: Magma Mines

Players

nekro

  • Race: Protoss Protoss

Nocnyvd

  • Race: Terran Terran

Gracz - Winner!

  • Race: Terran Terran
  • League: Silver

Krystian - Winner!

  • Race: Zerg Zerg
  • League: Master

VOD

Have the link to the VOD?

Description

Time

  • Played on: Oct. 31, 2016, 1:05 p.m.
  • Length: 6:33
Show
View Real Time Build Order
Export as new Build Order

nekro Protoss 

Build Orders:  

Get SALT Encoding   

  12  0:02  Probe (Chrono Boost)  
  13  0:22  Probe (Chrono Boost)  
  14  0:29  Pylon  
  14  0:50  Probe (Chrono Boost)  
  15  1:10  Gateway  
  15  1:23  Pylon  
  15  1:35  Pylon  
  15  1:41  Probe (Chrono Boost)  
  15  1:45  Forge  
  16  1:52  Probe (Chrono Boost)  
  17  2:01  Assimilator  
  17  2:02  Probe (Chrono Boost), Zealot  
  20  2:13  Assimilator  
  20  2:29  Zealot  
  22  2:34  Unknown, Nexus  
  22  2:50  Photon Cannon  
  22  2:55  Photon Cannon  
  22  2:56  Zealot  
  24  3:14  Cybernetics Core  
  24  3:23  Zealot  
  26  3:29  Probe (Chrono Boost)  
  27  3:39  Probe (Chrono Boost)  
  28  3:44  Photon Cannon  
  28  3:45  Unknown  
  28  3:50  Probe (Chrono Boost), Zealot  
  31  3:58  Photon Cannon  
  31  4:00  Probe (Chrono Boost)  
  32  4:07  Photon Cannon  
  32  4:11  Probe (Chrono Boost)  
  33  4:17  Zealot  
  35  4:25  Stargate  
  33  5:00  Photon Cannon  
  31  5:13  Oracle  
  25  5:14  Photon Cannon  
Show
View Real Time Build Order
Export as new Build Order

Nocnyvd Terran 

Build Orders:  

Get SALT Encoding   

  12  0:06  SCV  
  13  0:18  SCV  
  14  0:21  Supply Depot  
  14  0:30  SCV  
  15  0:43  SCV  
  15  0:47  Refinery  
  16  0:55  SCV  
  17  1:07  SCV  
  18  1:13  Refinery  
  18  1:19  SCV  
  18  1:22  Barracks  
  19  1:41  SCV  
  20  1:51  Supply Depot  
  20  1:53  SCV  
  21  2:00  Unknown, Command Center  
  21  2:05  SCV  
  22  2:14  Barracks Tech Lab  
  22  2:18  SCV  
  23  2:39  Marine  
  24  2:56  Marine  
  25  3:01  Factory  
  25  3:11  Unknown  
  25  3:13  SCV  
  25  3:15  Marauder  
  28  3:22  Engineering Bay  
  28  3:25  SCV  
  29  3:36  SCV, Marauder  
  29  3:37  SCV  
  33  3:49  SCV  
  33  3:53  Terran Infantry Weapons Level 1  
  33  3:54  Refinery  
  34  3:58  Marauder  
  34  4:01  SCV  
  37  4:06  Sensor Tower  
  37  4:19  Marauder  
  39  4:32  Missile Turret  
  39  4:40  Marauder  
  40  4:56  Missile Turret  
  40  5:02  Marauder  
  31  5:33  Hellion  
  33  5:36  Marauder  
  35  5:53  Widow Mine  
  31  5:58  Marauder  
Show
View Real Time Build Order
Export as new Build Order

Gracz Terran - Winner!

Build Orders: MMM Bio 

Get SALT Encoding   

  12  0:01  SCV  
  13  0:16  Supply Depot  
  13  0:18  SCV  
  14  0:42  Barracks  
  14  0:46  Supply Depot, SCV  
  15  1:02  SCV  
  16  1:04  Refinery  
  16  1:15  SCV  
  17  1:41  Refinery  
  17  1:49  Unknown, Command Center  
  17  1:50  Orbital Command  
  17  1:58  Barracks Tech Lab  
  17  2:18  Factory  
  17  2:20  SCV  
  18  2:30  Marauder  
  18  2:32  SCV  
  21  2:44  Stimpack  
  21  2:51  Barracks  
  21  2:58  SCV  
  22  3:01  Unknown  
  22  3:03  Orbital Command  
  22  3:10  SCV  
  22  3:11  Factory Tech Lab  
  23  3:26  Barracks  
  23  3:30  SCV x2  
  25  3:38  Barracks Reactor  
  25  3:42  SCV x2  
  27  3:49  Barracks  
  27  3:59  Cyclone  
  27  4:00  Mag-Field Accelerator  
  31  4:04  Marauder  
  33  4:17  Marine  
  33  4:18  Marine  
  33  4:19  Starport  
  33  4:23  Barracks Reactor  
  35  4:34  SCV x2  
  37  4:41  Barracks Tech Lab  
  37  4:44  Marine x2, Marauder  
  41  4:46  SCV  
  41  4:47  Combat Shields  
  42  4:58  Starport Reactor, SCV x2  
  44  5:02  Marine x2  
  46  5:12  Supply Depot  
  46  5:33  Marine x2, SCV x2  
  46  5:34  Marauder x2  
  54  5:35  Supply Depot  
  54  5:38  Marine x2  
  54  5:39  Cyclone  
  54  5:41  Supply Depot  
  60  5:44  Refinery  
  60  5:45  SCV x2  
  62  5:57  SCV, Marauder  
  62  5:59  Supply Depot  
  62  6:00  Supply Depot  
  62  6:02  Medivac  
  62  6:03  Medivac  
  69  6:06  Supply Depot  
Show
View Real Time Build Order
Export as new Build Order

Krystian Zerg - Winner!

Build Orders: Hatch First, Ravager All-In 

Get SALT Encoding   

  12  0:07  Drone  
  13  0:16  Drone  
  14  0:34  Overlord  
  14  0:39  Extractor, Drone  
  14  0:42  Extractor, Drone  
  16  0:52  Unknown, Hatchery  
  15  0:59  Drone x2  
  17  1:04  Extractor x2  
  17  1:09  Drone  
  16  1:25  Spawning Pool  
  15  1:29  Drone  
  15  1:30  Drone  
  17  1:39  Drone  
  18  1:50  Drone  
  19  2:01  Drone  
  20  2:04  Unknown  
  20  2:07  Drone  
  21  2:14  Queen  
  23  2:21  Queen  
  25  2:24  Drone  
  25  2:28  Drone  
  27  2:32  Drone  
  27  2:35  Overlord  
  28  2:44  Roach Warren  
  28  2:49  Overlord  
  27  3:04  Overlord  
  27  3:25  Roach x3  
  27  3:26  Roach x5  
  43  3:27  Roach  
  43  3:32  Overlord  
  45  3:37  Overlord  
  45  3:49  Overlord  
  45  4:11  Overlord x2  
  45  4:13  Pneumatized Carapace  
  45  4:19  Ravager x7  
  52  4:26  Ravager  
  50  4:40  Zergling x4  
  50  4:41  Zergling x6  
  55  4:49  Roach x5  
  55  4:51  Zergling x10  
  67  4:56  Roach  
  69  5:11  Roach x2  
  71  5:21  Ravager  
  71  5:24  Roach  
  71  5:26  Roach  
  75  5:32  Roach  
  75  5:34  Roach  
  76  5:54  Overlord x3  
  76  6:01  Roach  
  72  6:05  Roach x2  
  72  6:09  Zergling x4  
  72  6:10  Overlord x2  
  74  6:16  Zergling x8  
Tags
 
Add a new tag
Caveats
  • Supply blocks, unpowered buildings, or Contaminate may cause inaccurate times.
  • Supply counts are checked every 10 seconds.